cohdb
Replays
Latest Replays
All Replays
Popular Replays
Top Player Replays
Match Explorer
How It Works
Community
CoH3 Stats
Reddit
Sign in to upload your games and track your stats! →
Sign in with Steam
Match 42973484
Unlisted
Match 42973484
Overview
Messages
Build Orders
End
Kettenkrad Recon Vehicle
Selects Breakthrough Battlegroup
Selects Assault Grenadiers
Construct Infanterie Kompanie
Grenadier Squad
MG 42 Machine Gun Team
Sniper
Infanterie Officer Quarters
MG 42 Bunker
Selects Rapid Production
Kettenkrad Recon Vehicle
Medical Station
Grenadier Squad
Construct Luftwaffe Kompanie
Jäger Squad
Luftwaffe Officer Quarters
Selects Breakthrough
Selects Mechanized Assault Group
Support Elements
Breakthrough
Wirbelwind Flakpanzer
MG 42 Bunker
Selects Blitzkrieg
Wirbelwind Flakpanzer
Mechanized Assault Group
K.O
Elder-Gyattson
june.originals13
admiral_gnar
KDOG FTB
gabb0
0
0
Comments
sign in to comment!
No comments posted yet!